 Dungeon Crawl Stone Soup version 0.32-a0-909-gc671339a80 (webtiles) character file.

Game seed: 15361910309428465135

5420 Daunt the Skirmisher (level 10, -8/77 HPs)
             Began as a Coglin Hunter on Apr 6, 2024.
             Was an Initiate of Gozag.
             Mangled by a wyvern (15 damage)
             ... on level 9 of the Dungeon on Apr 7, 2024.
             The game lasted 00:28:32 (8631 turns).

Daunt the Skirmisher (Coglin Hunter)                Turns: 8631, Time: 00:28:33

Health: -8/77      AC:  4    Str: 12    XL:     10   Next: 67%
Magic:  10/10      EV: 16    Int:  9    God:    Gozag
Gold:   1156       SH:  0    Dex: 21    Spells: 9/9 levels left

rFire   . . .        a - +2 sling {Kanlaya}
rCold   . . .        r - +0 sling (flame) {Bianca}
rNeg    . . .        c - +0 leather armour
rPois   .            (no helmet)
rElec   .            (no cloak)
rCorr   .            z - +0 pair of gloves
SInv    .            (no boots)
Will    .....        (amulet unavailable)
Stlth   ++           (ring unavailable)
HPRegen 0.32/turn    (ring unavailable)
MPRegen 0.12/turn    (no gizmo)

%: no passive effects
@: about to teleport, revved
A: off-hand wielding, slow wielding, warmup strikes, no jewellery
a: Invent Gizmo, Renounce Religion, Potion Petition, Call Merchant, Bribe Branch


You were on level 9 of the Dungeon.
You worshipped Gozag.
Gozag was most pleased with you.
You visited 1 branch of the dungeon, and saw 9 of its levels.

You collected 1561 gold pieces.
You spent 405 gold pieces at shops.

Inventory:

Hand Weapons
 a - a +2 sling (weapon) {Kanlaya}
 r - a +0 sling of flaming (offhand) {Bianca}
Missiles
 n - 10 boomerangs
 p - a throwing net
 F - a curare-tipped dart
 G - 12 poisoned darts
 H - 2 atropa-tipped darts
Armour
 c - a +0 leather armour (worn)
 z - a +0 pair of gloves (worn)
 A - a +0 ring mail
Wands
 d - a wand of flame (27)
 i - a wand of digging (3)
 C - a wand of warping (8)
 E - a wand of quicksilver (4)
Scrolls
 b - a scroll of butterflies
 e - 3 scrolls of vulnerability
 f - 2 scrolls of fog
 h - a scroll of torment
 j - 7 scrolls of teleportation
 l - 2 scrolls of noise
 m - a scroll of revelation
 q - a scroll of fear
 t - a scroll of brand weapon
 v - 3 scrolls of immolation
 x - a scroll of enchant weapon {unknown}
 y - 3 scrolls of blinking {unknown}
 B - a scroll of silence {unknown}
 D - a scroll of enchant armour {unknown}
Potions
 g - 4 potions of curing
 k - 4 potions of might
 o - a potion of enlightenment
 s - 2 potions of mutation
 u - 2 potions of attraction
 w - a potion of brilliance
 I - a potion of cancellation {unknown}


   Skills:
 - Level 6.9 Fighting
 - Level 9.3 Ranged Weapons
 - Level 3.8 Armour
 + Level 8.3 Dodging
 - Level 1.0 Stealth
 - Level 5.0 Evocations


You had 9 spell levels left.
You didn't know any spells.
Your spell library contained the following spells:

 Spells                   Type           Power      Damage    Failure   Level
 Cigotuvi's Dreadful Rot  Necr/Alch/Air  0%         N/A       61%         2
 Lesser Beckoning         Tloc           0%         N/A       61%         2
 Searing Ray              Conj           0%         2d4       61%         2
 Frozen Ramparts          Ice            0%         1d1       83%         3
 Ozocubu's Armour         Ice            0%         N/A       83%         3
 Sigil of Binding         Hex            0%         N/A       83%         3
 Tukima's Dance           Hex            0%         N/A       83%         3
 Dimensional Bullseye     Hex/Tloc       0%         N/A       99%         4
 Iskenderun's Mystic Bla Conj/Tloc 0%             2d3        (+2d1     99%         4
 Alistair's Intoxication  Alch           0%         N/A       100%        5
 Borgnjor's Vile Clutch   Necr/Erth      0%         N/A       100%        5
 Metabolic Englaciation   Hex/Ice        0%         N/A       100%        5
 Summon Forest            Summ/Tloc      0%         N/A       100%        5
 Death Channel            Necr           0%         N/A       100%        6
 Eringya's Noxious Bog    Alch           0%         4d6       100%        6
 Sculpt Simulacrum        Ice/Alch       0%         N/A       100%        6
 Haunt                    Necr/Summ      0%         N/A       100%        7
 Malign Gateway           Summ/Tloc      0%         N/A       100%        7
 Summon Hydra             Summ           0%         N/A       100%        7
 Borgnjor's Revivificati  Necr           0%         N/A       100%        8
 Summon Horrible Things   Summ           0%         N/A       100%        8
 Death's Door             Necr           0%         N/A       100%        9


Dungeon Overview and Level Annotations

Branches:
Dungeon (9/15)             Temple (0/1) D:5            Lair (0/5) D:8
    Orc (0/2) D:9

Altars:
Cheibriados
Dithmenos
Elyvilon
Fedhas
Gozag
Hepliaklqana
Makhleb
Nemelex Xobeh
Ru
Sif Muna
Trog
Vehumet
Yredelemnul
Zin

Shops:
D:3 ?   D:6 ?

Annotations:
D:7 exclusion: deep elf pyromancer


Innate Abilities, Weirdness & Mutations

You can wield a second weapon in your off-hand.
It takes a long time for you to wield or remove held weapons.
Your first few attacks do less damage.
You cannot equip rings or amulets.


Message History

You shoot a sling bullet. The sling bullet hits the wyvern.
The wyvern is moderately wounded.
The wyvern bites you.
You shoot a sling bullet. The sling bullet hits the wyvern.
The sling bullet burns the wyvern.
The wyvern is heavily wounded.
You shoot a sling bullet. The sling bullet hits the wyvern.
The wyvern is severely wounded.
The wyvern barely misses you.
The orc priest begins to cast a cantrip, but forgets the words!
The wyvern barely misses you.
You shoot a sling bullet.
The sling bullet barely misses the wyvern.
The sling bullet hits the orc priest.
The orc priest is heavily wounded.
You shoot a sling bullet.
The sling bullet barely misses the wyvern.
The sling bullet barely misses the orc priest.
The sling bullet hits the orc warrior but does no damage.
The wyvern bites you!
You are too injured to fight recklessly!
Okay, then.
Unknown command.
Okay, then.
Unknown command.
Unknown command.
Unknown command.
Aiming: Dig
Press: ? - help, Shift-Dir - straight line, f - you, p - wyvern Please select a direction to dig.
The rock shatters into small pieces.
The wyvern closely misses you. The wyvern misses you.
The wyvern attacks as it pursues you! The wyvern bites you!
* * * LOW HITPOINT WARNING * * *
As you read the scroll of teleportation, it crumbles to dust.
You feel strangely unstable. The wyvern bites you!
* * * LOW HITPOINT WARNING * * *
The wyvern bites you!
You die...
Your body crumbles into a pile of gold.

#.. #.. #.. ### #+## .....
#######
......########.....#######
.....oook....'.....'.#....
.....o###@####.....#.#....
..... ##.# #.....#.'.._.
.... #.##.....###.... ...
#.#.....# #.... ..
#......# ##### # #.#'###
#..# # #.# # ##.# ###


You could see an orc warrior, a wyvern and 2 orc priests.

Vanquished Creatures
  A two-headed ogre (D:8)
  Psyche (D:8)
  A troll (D:8)
  A hornet (D:9)
  2 wyverns (D:9)
  2 steam dragons
  A water moccasin (D:5)
  A sky beast (D:6)
  4 black bears
  4 orc warriors
  2 ice beasts (D:7)
  A wolf (D:8)
  3 ogres
  2 centaurs
  A kobold brigand (D:8)
  4 bullfrogs
  2 scorpions (D:6)
  A gnoll sergeant (D:6)
  4 wights (D:7)
  3 electric eels (D:8)
  A howler monkey (D:9)
  A bombardier beetle (D:3)
  11 hounds
  A gnoll bouda (D:7)
  6 orc priests
  A human skeleton (D:8)
  3 jellies
  4 orc wizards
  2 sleepcaps
  A hound skeleton (D:8)
  14 gnolls
  5 adders
  A shadow imp (D:6)
  A white imp (D:5)
  4 ufetubi
  4 dart slugs
  2 ribbon worms
  36 orcs
  3 bats
  5 endoplasms
  A giant cockroach (D:3)
  8 goblins
  4 hobgoblins
  4 jackals (D:3)
  2 quokkas
  5 ball pythons
  4 frilled lizards
  10 kobolds
  5 rats
190 creatures vanquished.

Notes
Turn   | Place    | Note
-------+----------+-------------------------------------------
     0 | D:1      | Daunt the Coglin Hunter began the quest for the Orb.
     0 | D:1      | Reached XP level 1. HP: 16/16 MP: 1/1
   241 | D:1      | Reached skill level 1 in Stealth
   262 | D:1      | Reached XP level 2. HP: 22/22 MP: 2/2
   402 | D:2      | Reached skill level 4 in Ranged Weapons
   480 | D:2      | Reached XP level 3. HP: 28/28 MP: 3/3
   487 | D:2      | Found a faded altar of an unknown god.
   584 | D:2      | Prayed at the altar of an unknown god.
   584 | D:2      | Became a worshipper of Gozag Ym Sagoz the Greedy
  1359 | D:3      | Reached XP level 4. HP: 33/34 MP: 4/4
  1448 | D:3      | Reached skill level 5 in Ranged Weapons
  1448 | D:3      | Reached XP level 5. HP: 28/41 MP: 5/5
  1500 | D:3      | Found Gushruewe's Magic Scroll Shop.
  1524 | D:3      | Bought a scroll of identify for 20 gold pieces
  1524 | D:3      | Bought a scroll of identify for 20 gold pieces
  1524 | D:3      | Bought a scroll of fear for 40 gold pieces
  1652 | D:3      | Found a white marble altar of Elyvilon.
  1758 | D:3      | Found a blossoming altar of Fedhas.
  2190 | D:4      | Noticed a black bear
  2342 | D:4      | You fall into a shaft and drop 1 floor!
  2342 | D:5      | Entered Level 5 of the Dungeon
  2405 | D:4      | Found a radiant altar of Vehumet.
  2677 | D:4      | Reached XP level 6. HP: 48/48 MP: 6/6
  3027 | D:5      | Found a sparkling altar of Nemelex Xobeh.
  3103 | D:3      | Bought a scroll of noise for 10 gold pieces
  3103 | D:3      | Bought a scroll of immolation for 40 gold pieces
  3103 | D:3      | Bought a scroll of revelation for 75 gold pieces
  3103 | D:3      | Bought a scroll of brand weapon for 95 gold pieces
  3162 | D:5      | Reached skill level 6 in Ranged Weapons
  3264 | D:5      | Found a staircase to the Ecumenical Temple.
  3279 | D:5      | Reached XP level 7. HP: 51/55 MP: 7/7
  3675 | D:6      | Reached skill level 5 in Fighting
  3675 | D:6      | Reached skill level 7 in Ranged Weapons
  3702 | D:6      | Reached XP level 8. HP: 30/62 MP: 8/8
  4243 | D:6      | Reached skill level 8 in Ranged Weapons
  4655 | D:6      | Found a glowing silver altar of Zin.
  4655 | D:6      | Noticed an angel
  4713 | D:6      | Found Wycw's Magic Scroll Boutique.
  4721 | D:6      | Bought a scroll of teleportation for 45 gold pieces
  4721 | D:6      | Bought a scroll of identify for 30 gold pieces
  4721 | D:6      | Bought a scroll of identify for 30 gold pieces
  4990 | D:7      | Reached skill level 9 in Ranged Weapons
  4994 | D:7      | Got A Precepts of Supplementary Spells
  5164 | D:4      | Reached XP level 9. HP: 60/71 MP: 9/9
  5523 | D:7      | Reached skill level 1 in Armour
  5624 | D:7      | Found a shadowy altar of Dithmenos.
  5695 | D:7      | Found a hazy altar of Hepliaklqana.
  5831 | D:7      | Noticed a deep elf pyromancer
  5892 | D:7      | Found a sacrificial altar of Ru.
  5896 | D:7      | Found a basalt altar of Yredelemnul.
  5913 | D:7      | Reached skill level 1 in Evocations
  6345 | D:8      | Noticed Psyche
  6367 | D:8      | Killed Psyche
  6368 | D:8      | Reached skill level 5 in Evocations
  6385 | D:8      | Noticed a two-headed ogre
  6819 | D:8      | Killed a two-headed ogre
  6820 | D:8      | Reached skill level 5 in Dodging
  6820 | D:8      | Reached XP level 10. HP: 77/77 MP: 10/10
  6987 | D:8      | Found a burning altar of Makhleb.
  7075 | D:8      | Found a shimmering blue altar of Sif Muna.
  7320 | D:8      | Found a staircase to the Lair.
  7831 | D:9      | HP: 1/77 [centaur/arrow (11)]
  8181 | D:9      | Found a bloodstained altar of Trog.
  8332 | D:9      | Found a staircase to the Orcish Mines.
  8597 | D:9      | Found a snail-covered altar of Cheibriados.
  8631 | D:9      | Mangled by a wyvern

Illustrated notes

Levels and vault maps discovered:
D:1:      dpeg_arrival_tiny_c, layout_rooms
D:2:      layout_basic, hellmonk_ecumenical_altar_pennies_from_heaven
D:3:      layout_basic, lemuel_round_altar, fedhas_ov_isle_minmay, serial_shops,
          shop
D:4:      layout_loops_cross, vehumet_altar_wand_db
D:5:      layout_rooms, old_standard_altar, minmay_temple_entry_purple_smoke,
          dreamdust_princess_bridge, minmay_misc_feat_iff
D:6:      layout_loops_ring, zin_angel, serial_shops,
          nicolae_shop_tiny_statue_garden, minivault_23, nicolae_letterblocks
          [nicolae_letter_subblock, nicolae_letter_subblock,
          nicolae_letter_subblock, nicolae_letter_subblock,
          nicolae_letter_subblock, nicolae_letter_subblock,
          nicolae_letter_subblock, nicolae_letter_subblock,
          nicolae_letter_subblock, nicolae_letter_subblock,
          nicolae_letter_subblock, nicolae_letter_subblock,
          nicolae_letter_subblock, nicolae_letter_subblock,
          nicolae_letter_subblock, nicolae_letter_subblock,
          nicolae_letter_subblock, nicolae_letter_subblock,
          nicolae_letter_subblock, nicolae_letter_subblock,
          nicolae_letter_subblock, nicolae_letter_subblock,
          nicolae_letter_subblock, nicolae_letter_subblock,
          nicolae_letter_subblock]
D:7:      layout_basic, nzn_hepliaklqana_mist_gate,
          nicolae_dithmenos_the_darkroom, grunt_temple_overflow_open,
          minmay_microvault
D:8:      layout_cave_pools, makhleb_blood_cavern_becter, lemuel_doored_altar,
          erik_lair_island, uniq_psyche
D:9:      layout_roguey, trog_hazing_becter, kennysheep_little_box, david_orc_2,
          kennysheep_generic_room_8

Skill      XL: |  1  2  3  4  5  6  7  8  9 10 |
---------------+-------------------------------+-----
Stealth        | 1 |  1.0
Ranged Weapons | 4 5 6 7 9 |  9.3
Fighting       | 3 4 5 6 |  6.9
Dodging        | 5 8 |  8.3
Armour         | 3 |  3.8
Evocations     | 5 |  5.0

Action                     |  1- 3 |  4- 6 |  7- 9 | 10-12 || total
---------------------------+-------+-------+-------+-------++-------
   Fire: Sling             |   124 |   238 |   568 |   318 ||  1248
  Evoke: Wand              |       |       |     2 |     2 ||     4
    Use: Scroll            |       |     5 |     5 |     2 ||    12
         Potion            |       |       |       |     1 ||     1
 Armour: Leather armour    |     5 |    21 |    40 |    52 ||   118
         Ring mail         |       |       |    16 |       ||    16
  Dodge: Dodged            |    10 |    16 |    46 |    45 ||   117

Table legend: (Time is in decaauts)
 A = Elapsed time spent in this place.
 B = Non-inter-level travel time spent in this place.
 C = Inter-level travel time spent in this place.
 D = Time resting spent in this place.
 E = Time spent auto-exploring this place.
 F = Levels seen in this place.
 G = Mean time per level.
                   A        B        C        D        E       F      G
               +--------+--------+--------+--------+--------+-----+--------+
         Total |   8703 |   7911 |    792 |    428 |   6129 |   9 |  967.0 |
       Dungeon |   8703 |   7911 |    792 |    428 |   6129 |   9 |  967.0 |
               +--------+--------+--------+--------+--------+-----+--------+

Top non-repeatable levels by time:
     D:8: 1370 daAuts
     D:7: 1247 daAuts
     D:6: 1157 daAuts
     D:4: 1027 daAuts
     D:3: 966 daAuts
     D:9: 889 daAuts
     D:2: 850 daAuts
     D:5: 814 daAuts
     D:1: 379 daAuts
